 Dungeon Crawl Stone Soup version 0.31.0-11-ge490571c62 (webtiles) character file.

Game seed: 14495101845862169468

2617 qw the Nimble (level 9, -2/44 HPs)
             Began as a Spriggan Hunter on Feb 4, 2024.
             Was a Believer of Okawaru.
             Slain by Maurice
             ... wielding a +0 short sword
              (7 damage)
             ... on level 7 of the Dungeon.
             The game lasted 00:00:26 (4694 turns).

qw the Nimble (Spriggan Hunter)                     Turns: 4694, Time: 00:00:27

Health: -2/44      AC:  2    Str:  7    XL:     9   Next: 34%
Magic:  12/13      EV: 29    Int: 10    God:    Okawaru [**....]
Gold:   328        SH:  0    Dex: 23    Spells: 8/8 levels left

rFire   . . .        a - +2 shortbow (heavy)
rCold   . . .        (shield currently unavailable)
rNeg    + . .        c - +0 robe
rPois   .            (helmet restricted)
rElec   .            (no cloak)
rCorr   .            (gloves unavailable)
SInv    +            (boots unavailable)
Will    +....        l - amulet of regeneration
Stlth   ++++         d - ring of positive energy
HPRegen 1.07/turn    (no ring)
MPRegen 0.13/turn

%: no passive effects
@: heroic, grasped by roots, constricted, very quick
A: very small, no large weapons, unfitting armour, see invisible, speed 3
a: Renounce Religion, Heroism


You were on level 7 of the Dungeon.
You worshipped Okawaru.
Okawaru was pleased with you.
You visited 2 branches of the dungeon, and saw 8 of its levels.

You collected 328 gold pieces.


Innate Abilities, Weirdness & Mutations

You are very small and have problems with some larger weapons.
You are too small for most types of armour.
You have supernaturally acute eyesight. (SInv)
You cover ground extremely quickly. (Speed+++)


   Skills:
 - Level 3.2(8.2) Fighting
 + Level 9.7(14.7) Ranged Weapons
 - Level 10.0(15.0) Dodging
 - Level 1.5(6.5) Stealth
 - Level 4.1 Invocations


You had 8 spell levels left.
You didn't know any spells.
Your spell library was empty.

Inventory:

Hand Weapons
 a - a +2 heavy shortbow (weapon)
Armour
 c - a +0 robe (worn)
 e - the +2 robe of the Shore {-Tele rPois rF+++ Stlth+}
   (You found it on level 5 of the Dungeon)

   rF+++:     It renders you almost immune to fire.
   rPois:     It protects you from poison -Tele: It prevents most forms of
   teleportation.
   Stlth+:    It makes you more stealthy.
 m - a +2 robe of fire resistance
Jewellery
 d - a ring of positive energy (left hand)
 l - an amulet of regeneration (around neck)
Wands
 n - a wand of mindburst (14)
Scrolls
 f - 3 scrolls of amnesia {unknown}
Potions
 b - a potion of might
 g - a potion of curing
 h - 2 potions of cancellation {unknown}
 i - a potion of resistance
 j - a potion of mutation
 k - a potion of enlightenment

Dungeon Overview and Level Annotations

Branches:
Dungeon (7/15)             Temple (1/1) D:5

Altars:
Ashenzari
Cheibriados
Dithmenos
Elyvilon
Fedhas
Gozag
Hepliaklqana
Kikubaaqudgha
Makhleb
Nemelex Xobeh
Okawaru
Qazlal
Ru
Sif Muna
Trog
Uskayaw
Wu Jian
Yredelemnul
Zin
The Shining One

Shops:
D:6 [

Annotations:
D:1 1 transporter
D:7 Maurice


Message History

Things that are here:
a +2 hand axe of venom; a +0 leather armour
f - 3 scrolls labelled XAUFOW AQEULOL (gained 1)
Found a sling.
Maurice the Thief comes into view.
He is wielding a +0 short sword and carrying a wand of roots.
4685 ||| INVOKING Heroism.
You gain the combat prowess of a mighty hero.
You shoot an arrow. The arrow hits Maurice.
Maurice shouts!
Maurice is lightly wounded.
Maurice casts a spell.
Maurice flickers and vanishes for a moment.
You shoot an arrow. The arrow hits Maurice!!
Maurice is moderately wounded.
You shoot an arrow.
The arrow hits Maurice but does no damage.
Maurice is moderately wounded.
Maurice says, "Lost something?"
Maurice zaps a wand.
The roots erupt in riotous growth!
The grasping roots grab you! The grasping roots constrict you!
You shoot an arrow. The arrow hits Maurice.
Maurice is heavily wounded.
The grasping roots constrict you! The grasping roots constrict you.
You shoot an arrow. The arrow hits Maurice!
Maurice is heavily wounded.
The grasping roots constrict you!
You shoot an arrow. The arrow hits Maurice!
Maurice is severely wounded.
The grasping roots constrict you!
The grasping roots release their grip on you.
You shoot an arrow. The arrow barely misses Maurice.
Maurice zaps a wand.
The roots erupt in riotous growth!
The grasping roots grab you! The grasping roots constrict you.
You shoot an arrow. The arrow misses Maurice.
The grasping roots constrict you!
You shoot an arrow. The arrow closely misses Maurice.
Maurice hits you with a +0 short sword!
You die...

#####...........##...
#...............##...
###.............##...
#.#.............#>..
###.##...........)..
#...#...............
#.................#.
#.................##
###@......#........
#.f......##>.......
#....#..)##........
##..##..###.#......
...# .# ##.. . .. ...


You could see Maurice (invisible).

Vanquished Creatures
  A vampire (D:6)
  Edmund (D:4)
  3 water moccasins
  An orc warrior (D:4)
  3 ice beasts
  2 black bears
  2 centaurs
  2 phantoms
  Blork the orc (D:4)
  2 bullfrogs
  A scorpion (D:4)
  4 wights (D:6)
  A howler monkey (D:5)
  An electric eel (D:6)
  3 hounds
  5 orc priests
  3 iguanas
  A jelly (D:7)
  A sleepcap (D:5)
  An orc wizard (D:7)
  Robin (D:2)
  10 adders
  2 white imps (D:6)
  A dart slug (D:4)
  2 ribbon worms
  16 orcs
  13 bats
  9 endoplasms
  4 giant cockroaches
  16 goblins
  15 hobgoblins
  4 jackals (D:1)
  4 quokkas
  10 ball pythons
  3 frilled lizards
  10 kobolds
  2 rats
161 creatures vanquished.

Notes
Turn   | Place    | Note
-------+----------+-------------------------------------------
     0 | D:1      | qw the Spriggan Hunter began the quest for the Orb.
     0 | D:1      | Reached XP level 1. HP: 10/10 MP: 2/2
     0 | D:1      | 0 ||| qw: Version: 0.3-a-160-g6735b56
     0 | D:1      | 0 ||| qw: Game counter: 4538
     0 | D:1      | 0 ||| qw: Melee chars always use a shield: true
     0 | D:1      | 0 ||| qw: God list: Okawaru
     0 | D:1      | 0 ||| qw: Allow faded altars: false
     0 | D:1      | 0 ||| qw: Do Orc after clearing Dungeon:15 true
     0 | D:1      | 0 ||| qw: Do second Lair branch before Depths: true
     0 | D:1      | 0 ||| qw: Lair rune preference: random
     0 | D:1      | 0 ||| qw: Goals: Normal
     0 | D:1      | 0 ||| PLANNING D:1-11
    27 | D:1      | 27 ||| RETREEEEATING.
    28 | D:1      | 28 ||| RETREEEEATING.
    30 | D:1      | 30 ||| RETREEEEATING.
    41 | D:1      | Reached skill level 3 in Dodging
   112 | D:1      | Reached XP level 2. HP: 14/14 MP: 3/3
   136 | D:1      | Reached skill level 4 in Dodging
   406 | D:1      | Reached XP level 3. HP: 14/18 MP: 4/4
   791 | D:1      | 791 ||| UPGRADING to amulet of the acrobat.
   796 | D:1      | 796 ||| UPGRADING to amulet of regeneration.
   806 | D:1      | 806 ||| DROPPING amulet of the acrobat.
   807 | D:1      | 807 ||| READING scroll labelled VOUS SIOMA.
   808 | D:1      | 808 ||| READING 2 scrolls labelled PEPSISAF COJAG.
   808 | D:1      | 808 ||| IDENTIFYING dark potion
   809 | D:1      | 809 ||| READING scroll of identify.
   809 | D:1      | 809 ||| IDENTIFYING viscous inky potion
   810 | D:1      | 810 ||| READING scroll labelled VEYMUCUJAJ.
   810 | D:1      | 810 ||| BRANDING +0 shortbow.
   811 | D:1      | 811 ||| READING 2 scrolls labelled RYQ PAGROMIMP.
   815 | D:1      | 815 ||| READING scroll labelled KUOVAK SECKU.
   815 | D:1      | 815 ||| ENCHANTING +0 shortbow of draining.
   816 | D:1      | 816 ||| DRINKING 2 viscous orange potions.
   817 | D:1      | 817 ||| DROPPING scroll of butterflies.
   818 | D:1      | 818 ||| DROPPING potion of degeneration.
  1117 | D:2      | Reached XP level 4. HP: 23/23 MP: 5/5
  1235 | D:2      | 1235 ||| UPGRADING to ring of positive energy.
  1236 | D:2      | 1236 ||| READING 2 scrolls of identify.
  1236 | D:2      | 1236 ||| IDENTIFYING silvery potion
  1237 | D:2      | 1237 ||| READING scroll of identify.
  1237 | D:2      | 1237 ||| IDENTIFYING smoky purple potion
  1238 | D:2      | 1238 ||| READING scroll labelled VIFOBIOPO.
  1239 | D:2      | 1239 ||| DROPPING potion of magic.
  1265 | D:3      | Noticed Robin
  1266 | D:3      | 1266 ||| STAIRDANCE
  1272 | D:3      | 1272 ||| STAIRDANCE
  1282 | D:3      | 1282 ||| STAIRDANCE
  1291 | D:3      | 1291 ||| STAIRDANCE
  1296 | D:2      | Killed Robin
  1301 | D:3      | 1301 ||| STAIRDANCE
  1314 | D:3      | 1314 ||| STAIRDANCE
  1334 | D:3      | 1334 ||| STAIRDANCE
  1489 | D:3      | Reached XP level 5. HP: 26/26 MP: 6/6
  1992 | D:3      | 1992 ||| READING scroll of identify.
  1992 | D:3      | 1992 ||| IDENTIFYING murky purple potion
  1993 | D:3      | 1993 ||| READING scroll labelled QAUKKI ALYDO.
  2058 | D:4      | Noticed an orc warrior
  2067 | D:4      | Killed an orc warrior
  2068 | D:4      | Reached skill level 6 in Dodging
  2074 | D:4      | HP: 1/26 [orc priest/divine providence (16)]
  2075 | D:4      | 2075 ||| READING 2 scrolls of teleportation.
  2076 | D:4      | 2076 ||| DRINKING potion of heal wounds.
  2078 | D:4      | Reached XP level 6. HP: 25/30 MP: 7/7
  2118 | D:4      | 2118 ||| READING scroll of brand weapon.
  2118 | D:4      | 2118 ||| BRANDING +1 shortbow of draining.
  2151 | D:4      | Noticed an ice beast
  2156 | D:4      | Killed an ice beast
  2157 | D:4      | Reached skill level 6 in Ranged Weapons
  2224 | D:4      | Noticed Blork the orc
  2232 | D:4      | Killed Blork the orc
  2437 | D:4      | Noticed Edmund
  2447 | D:4      | Killed Edmund
  2448 | D:4      | Reached skill level 7 in Dodging
  2448 | D:4      | Reached XP level 7. HP: 14/35 MP: 8/8
  2603 | D:4      | 2603 ||| DROPPING amulet of guardian spirit.
  2604 | D:4      | 2604 ||| READING scroll of identify.
  2604 | D:4      | 2604 ||| IDENTIFYING puce potion
  2616 | D:5      | Entered Level 5 of the Dungeon
  2634 | D:5      | Found a snail-covered altar of Cheibriados.
  2978 | D:5      | Reached skill level 8 in Dodging
  2978 | D:5      | Reached XP level 8. HP: 39/39 MP: 9/9
  2981 | D:5      | 2981 ||| READING scroll of enchant weapon.
  2981 | D:5      | 2981 ||| ENCHANTING +1 heavy shortbow.
  3008 | D:5      | Found a staircase to the Ecumenical Temple.
  3009 | D:5      | 3009 ||| PLANNING TEMPLE
  3009 | D:5      | 3009 ||| DROPPING ring of magical power.
  3018 | Temple   | Entered the Ecumenical Temple
  3019 | Temple   | 3019 ||| PLANNING OKAWARU WORSHIP
  3045 | Temple   | Became a worshipper of Warmaster Okawaru
  3046 | Temple   | 3046 ||| PLANNING D:1-11
  3138 | D:5      | Identified the +2 robe of the Shore {-Tele rPois rF+++
                  | Stlth+}
  3191 | D:5      | Found a blossoming altar of Fedhas.
  3192 | D:5      | Found a shimmering blue altar of Sif Muna.
  3193 | D:5      | Found a broken altar of Ashenzari.
  3195 | D:5      | Found a bloodstained altar of Trog.
  3238 | D:5      | Found a shadowy altar of Dithmenos.
  3576 | D:6      | 3576 ||| FLEEEEING.
  3577 | D:6      | 3577 ||| FLEEEEING.
  3580 | D:6      | 3580 ||| STAIRDANCE
  3595 | D:6      | 3595 ||| STAIRDANCE
  3601 | D:5      | Reached skill level 3 in Fighting
  3614 | D:6      | Reached skill level 9 in Ranged Weapons
  3671 | D:6      | Reached * piety under Okawaru
  3758 | D:6      | Reached skill level 9 in Dodging
  3758 | D:6      | Reached skill level 1 in Invocations
  3899 | D:6      | HP: 8/38 [wight/+0 war axe (8)]
  3900 | D:6      | 3900 ||| READING scroll of teleportation.
  3958 | D:6      | Found Bioschint's Antique Armour Shoppe.
  3984 | D:6      | Reached XP level 9. HP: 42/44 MP: 10/12
  4224 | D:6      | Reached skill level 3 in Invocations
  4489 | D:6      | 4489 ||| READING scroll of identify.
  4489 | D:6      | 4489 ||| IDENTIFYING orange potion
  4490 | D:6      | 4490 ||| DRINKING 2 viscous purple potions.
  4491 | D:6      | 4491 ||| DROPPING wand of flame (13).
  4492 | D:6      | 4492 ||| DROPPING potion of attraction.
  4549 | D:7      | Reached ** piety under Okawaru
  4550 | D:7      | Reached skill level 10 in Dodging
  4618 | D:7      | 4618 ||| FLEEEEING.
  4684 | D:7      | Noticed Maurice
  4685 | D:7      | 4685 ||| INVOKING Heroism.
  4692 | D:7      | HP: 10/44 [constriction (5)]
  4693 | D:7      | HP: 4/44 [constriction (7)]
  4694 | D:7      | Slain by Maurice

Levels and vault maps discovered:
D:1:      spicycebolla_arrival_risky_transporter, layout_basic,
          skrybe_limestone_x, glass_columns_b, minmay_crystal_room
D:2:      layout_basic, hangedman_decor_clover_reticule
D:3:      layout_loops_ring, minmay_misc_feat_hallway, hangedman_feature_mirror,
          roderic_batcave, uniq_robin
D:4:      layout_gridville, uniq_edmund, uniq_blork_the_orc
D:5:      layout_basic, mainiacjoe_overflow_brackets, cheibrodos_worm_habitat,
          minitemple, minmay_temple_entry_butterflies, hex_tiny
D:6:      layout_basic, serial_bayou, serial_bayou_shore_a, serial_bayou_pond_a,
          serial_bayou_lagoon_a, serial_bayou_shore_b, serial_bayou_pond_e,
          serial_shops, shop
D:7:      layout_cave_pools, serial_shops, nicolae_shop_rolling_square,
          hangedman_decor_lopped, uniq_crazy_yiuf_cottage, uniq_maurice
Temple:   jpeg_temple_clearing

Skill      XL: |  1  2  3  4  5  6  7  8  9 |
---------------+----------------------------+-----
Dodging        | 3 4 6 7 8 9 10 | 10.0
Ranged Weapons | 5 7 8 9 |  9.7
Fighting       | 2 3 |  3.2
Invocations    | 2 4 |  4.1
Stealth        | |  1.5

Action                     |  1- 3 |  4- 6 |  7- 9 || total
---------------------------+-------+-------+-------++-------
   Fire: Shortbow          |   108 |   160 |   194 ||   462
 Invoke: Heroism           |       |       |     1 ||     1
    Use: Scroll            |     6 |     7 |     4 ||    17
         Potion            |     1 |     1 |     1 ||     3
 Armour: Robe              |     5 |    32 |    26 ||    63
  Dodge: Dodged            |    22 |   113 |   101 ||   236

Table legend:
 A = Non-vault XP
 B = Vault XP
 C = Vault XP percentage of total XP
 D = Non-vault monster count
 E = Vault monster count
 F = Vault count percentage of total count
                 A         B        C        D         E       F
            +---------+---------+-------+---------+---------+-------
      Total |    3431 |     308 |   8.2 |     138 |      23 |  14.3
            +---------+---------+-------+---------+---------+-------
        D:1 |      62 |       0 |   0.0 |      35 |       0 |   0.0
        D:2 |      48 |      29 |  37.7 |      21 |       8 |  27.6
        D:3 |      82 |      19 |  18.8 |      19 |      12 |  38.7
        D:4 |     485 |     255 |  34.5 |      17 |       2 |  10.5
        D:5 |     708 |       5 |   0.7 |      14 |       1 |   6.7
        D:6 |    1454 |       0 |   0.0 |      23 |       0 |   0.0
        D:7 |     592 |       0 |   0.0 |       9 |       0 |   0.0
            +---------+---------+-------+---------+---------+-------
